 Dungeon Crawl Stone Soup version 0.29-a0-284-gf9362112df (webtiles) character file.

Game seed: 4777400886909977243

3516 bande the Cleaver (level 10, -1/60 HPs)
             Began as a Gargoyle Fighter on Mar 26, 2022.
             Was an Initiate of Okawaru.
             Slain by a two-headed ogre
             ... wielding a +0 giant club
              (17 damage)
             ... on level 8 of the Dungeon.
             The game lasted 00:13:14 (8513 turns).

bande the Cleaver (Gargoyle Fighter)                Turns: 8513, Time: 00:13:16

Health: -1/60      AC: 20    Str: 21    XL:     10   Next: 8%
Magic:  11/11      EV:  7    Int:  8    God:    Okawaru [......]
Gold:   437        SH:  5    Dex: 15    Spells: 9/9 levels left

rFire   . . .      SeeInvis .   a - +0 war axe (venom)
rCold   + . .      Faith    .   c - +0 buckler
rNeg    + . .      Spirit   .   u - +0 chain mail
rPois   ∞          Reflect  .   r - +0 helmet
rElec   +          Harm     .   (no cloak)
rCorr   .          Rampage  .   i - +1 pair of gloves
Will    .....                   h - +2 pair of boots
Stlth   ..........              (no amulet)
HPRegen 0.20/turn               y - ring of protection from cold
MPRegen 0.12/turn               (no ring)

@: no status effects
A: sickness immunity, AC +7, negative energy resistance 1, electricity
resistance, torment resistance 1, petrification resistance, thin skeletal
structure 1, deformed body, screaming 1
a: Renounce Religion


You were on level 8 of the Dungeon.
You worshipped Okawaru.
Okawaru was noncommittal.
You visited 2 branches of the dungeon, and saw 9 of its levels.

You collected 437 gold pieces.

Inventory:

Hand Weapons
 a - a +0 war axe of venom (weapon)
 j - a +0 war axe
 s - a +0 flail of protection
Missiles
 l - a throwing net (quivered)
Armour
 c - a +0 buckler (worn)
 h - a +2 pair of boots (worn)
 i - a +1 pair of gloves (worn)
 r - a +0 helmet (worn)
 u - a +0 chain mail (worn)
Jewellery
 p - a +6 ring of intelligence
 t - a ring of magical power
 y - a ring of protection from cold (left hand)
Wands
 m - a wand of flame (18)
 q - a wand of acid (12)
Scrolls
 b - 2 scrolls of fear
 v - a scroll of magic mapping
 x - a scroll of identify
Potions
 d - 2 potions of might
 e - a potion of flight
 f - 3 potions of degeneration {unknown}
 g - 7 potions of curing
 k - 6 potions of heal wounds
 n - 2 potions of brilliance {unknown}
 o - 2 potions of haste
 w - a potion of resistance {unknown}
 z - a potion of magic {unknown}


   Skills:
 + Level 6.2 Fighting
 + Level 8.9 Axes
 + Level 7.6 Armour
 - Level 0.5 Dodging
 + Level 5.4 Shields
 * Level 1.9 Invocations
 * Level 4.2 Evocations


You had 9 spell levels left.
You didn't know any spells.
Your spell library contained the following spells:

 Spells                   Type           Power      Damage    Failure   Level
 Sandblast                Erth           0%         2d4       99%         1
 Passwall                 Tmut/Erth      0%         N/A       99%         2
 Static Discharge         Conj/Air       0%         N/A       99%         2
 Stone Arrow              Conj/Erth      0%         3d7       100%        3
 Dispel Undead            Necr           0%         3d6       100%        4
 Sticky Flame             Conj/Fire      0%         2d3       100%        4
 Lightning Bolt           Conj/Air       0%         1d11      100%        5
 Maxwell's Capacitive Co  Air            0%         ∞         100%        8


Dungeon Overview and Level Annotations

Branches:
Dungeon (8/15)             Temple (1/1) D:7
   Lair: D:8-11

Altars:
Elyvilon
Okawaru
Xom
Zin


Innate Abilities, Weirdness & Mutations

You are immune to sickness and miasma.
Your stone body is resilient. (AC +7)
You are immune to poison.
You resist negative energy. (rN+)
You are resistant to electric shocks. (rElec)
You are resistant to unholy torment.
You are immune to petrification.
You have a somewhat thin skeletal structure. (Dex +2, Stealth+)
Armour fits poorly on your strangely shaped body.
You occasionally shout uncontrollably at your foes.


Message History

Found a stone staircase leading down.
You pick up a book of Lightning and begin reading...
You add the spells Lightning Bolt and Maxwell's Capacitive Coupling to your library.
Found 7 stones.
There is a stone staircase leading down here.
You see here 7 stones.
Found 21 stones.
A two-headed ogre comes into view. It is wielding two +0 giant clubs.
Found a rapier.
The two-headed ogre shouts in stereo!
The two-headed ogre moves out of view.
You see here 21 stones.
A two-headed ogre is nearby!
You barely miss the two-headed ogre. The two-headed ogre barely misses you.
The two-headed ogre hits you with a +0 giant club.
You slash the two-headed ogre!
The two-headed ogre is poisoned.
The two-headed ogre is lightly wounded.
The two-headed ogre hits you with a +0 giant club!!
The two-headed ogre hits you but does no damage.
You hit the two-headed ogre.
The two-headed ogre looks as sick as possible!
The two-headed ogre is moderately wounded.
You slash the two-headed ogre!
The two-headed ogre looks as sick as possible!
The two-headed ogre is heavily wounded.
The two-headed ogre closely misses you. x2
You hit the two-headed ogre but do no damage.
The two-headed ogre is heavily wounded.
The two-headed ogre hits you but does no damage.
The two-headed ogre barely misses you.
You hit the two-headed ogre but do no damage.
The two-headed ogre looks as sick as possible!
The two-headed ogre is heavily wounded.
You slash the two-headed ogre!
The two-headed ogre looks as sick as possible!
The two-headed ogre is almost dead.
The two-headed ogre hits you with a +0 giant club!
* * * LOW HITPOINT WARNING * * *
The two-headed ogre hits you with a +0 giant club!
You die...

#.#..#####.###
#.##.......#
#.##.####..#
#..# # #..#
#..########
#..........
##(#......#
#@#.####.#
#O#.# ...)#
.....# ......#
#.....##
#.....#
#######


You could see a two-headed ogre (extremely poisoned).

Vanquished Creatures
  Pikel (D:5)
  Grinder (D:3)
  Sigmund (D:3)
  2 water moccasins
  A black bear (D:7)
  3 ice beasts
  2 ogres
  A lemure (D:5)
  2 centaurs (D:6)
  A phantom (D:7)
  Blork the orc (D:5)
  4 bullfrogs
  3 scorpions
  A gnoll sergeant (D:6)
  8 wights
  A crimson imp (D:5)
  4 jellies
  6 hounds
  2 orc priests
  3 iguanas
  An orc wizard (D:7)
  11 gnolls
  8 adders
  2 shadow imps
  2 white imps
  4 worms
  2 dart slugs (D:1)
  7 orcs
  8 bats
  2 endoplasms
  3 giant cockroaches
  7 goblins
  7 hobgoblins
  6 jackals
  4 quokkas
  8 ball pythons
  2 frilled lizards (D:1)
  5 kobolds
  5 rats
142 creatures vanquished.

Vanquished Creatures (others)
  A plant (D:4)
1 creature vanquished.

Grand Total: 143 creatures vanquished

Notes
Turn   | Place    | Note
-------+----------+-------------------------------------------
     0 | D:1      | bande the Gargoyle Fighter began the quest for the Orb.
     0 | D:1      | Reached XP level 1. HP: 14/14 MP: 1/1
   102 | D:1      | Reached XP level 2. HP: 18/19 MP: 2/2
   681 | D:1      | Reached XP level 3. HP: 21/24 MP: 3/3
   899 | D:2      | Reached skill level 2 in Axes
  1487 | D:2      | Reached XP level 4. HP: 29/29 MP: 4/4
  1500 | D:2      | Gained mutation: You occasionally shout uncontrollably at
                  | your foes. [potion of mutation]
  1500 | D:2      | Gained mutation: You have a somewhat thin skeletal
                  | structure. (Dex +2, Stealth+) [potion of mutation]
  1500 | D:2      | Gained mutation: Armour fits poorly on your strangely
                  | shaped body. [potion of mutation]
  2185 | D:3      | Noticed Grinder
  2189 | D:3      | Paralysed by Grinder for 2 turns
  2196 | D:3      | Paralysed by Grinder for 4 turns
  2203 | D:3      | Killed Grinder
  2204 | D:3      | Reached skill level 4 in Axes
  2204 | D:3      | Reached XP level 5. HP: 5/33 MP: 5/5
  2204 | D:3      | Reached XP level 6. HP: 6/38 MP: 6/6
  2496 | D:3      | Found a faded altar of an unknown god.
  2496 | D:3      | Noticed Sigmund
  2527 | D:3      | Killed Sigmund
  2528 | D:3      | Reached skill level 5 in Axes
  3044 | D:4      | Found a transporter.
  3047 | D:4      | Found a transporter.
  3050 | D:4      | Reached XP level 7. HP: 44/44 MP: 7/7
  3560 | D:4      | Reached skill level 5 in Armour
  4046 | D:4      | Found a glowing silver altar of Zin.
  4363 | D:5      | Entered Level 5 of the Dungeon
  4416 | D:5      | Noticed Blork the orc
  4426 | D:5      | Killed Blork the orc
  4427 | D:5      | Reached skill level 6 in Axes
  4427 | D:5      | Reached XP level 8. HP: 45/48 MP: 8/8
  4460 | D:5      | Reached skill level 5 in Fighting
  4460 | D:5      | Reached skill level 1 in Evocations
  4918 | D:5      | Noticed Pikel
  4933 | D:5      | Killed Pikel
  4934 | D:5      | Reached skill level 7 in Axes
  4992 | D:5      | Reached XP level 9. HP: 53/54 MP: 9/9
  6095 | D:6      | Reached skill level 5 in Shields
  6427 | D:6      | Reached skill level 8 in Axes
  6823 | D:6      | Found a shimmering altar of Xom.
  6995 | D:7      | Identified the +1 robe of the Ecumenical Temple {*Slow
                  | rPois rF+ SInv}
  7276 | D:7      | Found a staircase to the Ecumenical Temple.
  7382 | Temple   | Entered the Ecumenical Temple
  7394 | Temple   | Became a worshipper of Warmaster Okawaru
  7805 | D:7      | Reached skill level 1 in Invocations
  8235 | D:8      | Reached XP level 10. HP: 51/60 MP: 9/11
  8504 | D:8      | Noticed a two-headed ogre
  8513 | D:8      | Slain by a two-headed ogre

Illustrated notes

Levels and vault maps discovered:
D:1:      lightli_iron_boxes, layout_loops_ring
D:2:      layout_basic
D:3:      layout_basic, ebering_ecumenical_altar_sacrificial,
          kennysheep_generic_room_10, uniq_grinder, uniq_sigmund
D:4:      gammafunk_wand_slinger, layout_rooms, zin_statuary
D:5:      layout_basic, minmay_fire_ice_demons, uniq_pikel, uniq_blork_the_orc
D:6:      layout_loops_corners, lemuel_round_altar
D:7:      layout_loops_cross, minmay_temple_entry_gardened_gates,
          kennysheep_cross_bottleneck
D:8:      layout_basic, david_lair_generic, serial_curves, eino_curves_03,
          eino_curves_01, eino_curves_02, st_stairs_13
Temple:   mainiacjoe_temple_bowtie_tessellation

Skill      XL: |  1  2  3  4  5  6  7  8  9 |
---------------+----------------------------+-----
Axes           | 2 4 5 6 7 8 |  8.9
Fighting       | 4 5 6 |  6.2
Armour         | 4 5 6 7 |  7.6
Shields        | 4 5 |  5.4
Evocations     | 2 4 |  4.2
Invocations    | 1 |  1.9
Dodging        | |  0.5

Action                   |  1- 3 |  4- 6 |  7- 9 | 10-12 || total
-------------------------+-------+-------+-------+-------++-------
Melee: War axe           |    98 |    65 |   270 |    21 ||   454
  Use: Scroll            |     6 |     2 |     8 |       ||    16
       Potion            |       |     2 |       |       ||     2
Armor: Scale mail        |    68 |    29 |   108 |       ||   205
       Chain mail        |       |       |    34 |    12 ||    46
       Skin              |       |       |     5 |       ||     5
Dodge: Dodged            |    43 |    33 |   147 |    10 ||   233
Block: Buckler           |    17 |    18 |    72 |     4 ||   111

Table legend: (Time is in decaauts)
 A = Elapsed time spent in this place.
 B = Non-inter-level travel time spent in this place.
 C = Inter-level travel time spent in this place.
 D = Time resting spent in this place.
 E = Time spent auto-exploring this place.
 F = Levels seen in this place.
 G = Mean time per level.
                   A        B        C        D        E       F      G
               +--------+--------+--------+--------+--------+-----+--------+
         Total |   8632 |   8352 |    280 |   1735 |   5258 |   9 |  959.1 |
       Dungeon |   8610 |   8338 |    272 |   1735 |   5253 |   8 | 1076.2 |
        Temple |     21 |     13 |      8 |      0 |      5 |   1 |   21.0 |
               +--------+--------+--------+--------+--------+-----+--------+

Top non-repeatable levels by time:
     D:6: 1593 daAuts
     D:4: 1364 daAuts
     D:7: 1341 daAuts
     D:2: 1122 daAuts
     D:3: 1036 daAuts
     D:5: 930 daAuts
     D:1: 919 daAuts
     D:8: 301 daAuts
  Temple: 21 daAuts
